 Dungeon Crawl Stone Soup version 0.29-a0-393-g47a863cc1b (webtiles) character file.

Game seed: 18108200434457611463

43 Hubjo the Firebug (level 3, 0/20 HPs)
             Began as a Deep Elf Fire Elementalist on May 9, 2022.
             Was a Follower of Fedhas.
             Slain by a goblin
             ... wielding a +0 dagger
              (3 damage)
             ... on level 1 of the Dungeon.
             The game lasted 00:02:11 (2041 turns).

Hubjo the Firebug (Deep Elf Fire Elementalist)      Turns: 2041, Time: 00:02:11

Health: 0/20       AC:  2    Str:  5    XL:     3   Next: 37%
Magic:  10/10      EV: 13    Int: 19    God:    Fedhas [*.....]
Gold:   11         SH:  0    Dex: 17    Spells: 8/9 levels left

rFire   . . .      SeeInvis .   f - +0 short sword (venom)
rCold   . . .      Faith    .   (no shield)
rNeg    . . .      Spirit   .   a - +0 robe
rPois   .          Reflect  .   (no helmet)
rElec   .          Harm     .   (no cloak)
rCorr   .          Rampage  .   (no gloves)
Will    .....                   (no boots)
Stlth   ++........              (no amulet)
HPRegen 0.06/turn               (no ring)
MPRegen 0.12/turn               (no ring)

@: no status effects
A: no striking features
a: Renounce Religion


You were on level 1 of the Dungeon.
You worshipped Fedhas.
Fedhas was aware of your devotion.
You visited 1 branch of the dungeon, and saw 1 of its levels.

You collected 11 gold pieces.

Inventory:

Hand Weapons
 c - a +0 short sword
 f - a +0 short sword of venom (weapon)
Armour
 a - a +0 robe (worn)
Scrolls
 d - a scroll of teleportation {unknown}
 e - a scroll of amnesia {unknown}
 g - a scroll of magic mapping {unknown}
Potions
 b - a potion of magic


   Skills:
 * Level 1.4 Fighting
 - Level 2.4 Dodging
 + Level 3.1 Stealth
 + Level 3.5 Spellcasting
 - Level 1.1 Conjurations
 + Level 3.6 Fire Magic


You had 8 spell levels left.
You knew the following spells:

 Your Spells              Type           Power      Damage    Failure   Level
a - Foxfire               Conj/Fire      48%        2x1d6     5%          1

Your spell library contained the following spells:

 Spells                   Type           Power      Damage    Failure   Level
 Scorch                   Fire           34%        2d6       4%          2
 Conjure Flame            Conj/Fire      12%        6-21      16%         3
 Inner Flame              Hex/Fire       10%        N/A       21%         3
 Flame Wave               Conj/Fire      12%        2d6       47%         4


Dungeon Overview and Level Annotations

Branches:
Dungeon (1/15)

Altars:
Fedhas


Message History

You walk carefully through the plants.
You open the door.
There is an open door here.
Key pressed, stopping explore.
There is an open door here.
There is an open door here.
A goblin comes into view. It is wielding a +0 dagger.
A goblin is nearby!
A goblin is nearby!
The goblin hits you with a +0 dagger. The goblin hits you with a +0 dagger.
The goblin hits you with a +0 dagger. The goblin hits you with a +0 dagger.
The goblin hits you but does no damage. The goblin completely misses you.
The goblin barely misses you. The goblin closely misses you.
The goblin closely misses you. The goblin closely misses you.
The goblin barely misses you. The goblin hits you with a +0 dagger.
The goblin misses you. The goblin hits you but does no damage.
The goblin closely misses you. The goblin closely misses you.
The goblin hits you with a +0 dagger. The goblin closely misses you.
The goblin hits you with a +0 dagger.
* * * LOW HITPOINT WARNING * * *
The goblin hits you with a +0 dagger.
* * * LOW HITPOINT WARNING * * *
The goblin hits you with a +0 dagger.
* * * LOW HITPOINT WARNING * * *
The goblin hits you but does no damage. The goblin hits you but does no damage.
The goblin barely misses you. The goblin barely misses you.
The goblin hits you with a +0 dagger.
You die...
Fedhas appreciates your contribution to the ecosystem.

.'..#.......# #.#
.####.....#.#############.#
##........#.#.............#
..........#.#.#############
#.........#.#.#...........#
#.###.....#.#.#.#########.#
#.####....#.#.#.#... ...#.#
..........'.#.#.#.#..## #.#
.....>....###.#.@g....# #.#
.#...#....# #.###.##### #.#
.##..###### #.# ... #.#
.##.## #.# .### #.# .##.#
#.# .# #.# .##.# #.# .# #.#
.##.# #.###########.##
.##.# #..............#
.##.# ################


You could see a goblin.

Vanquished Creatures
  A dart slug (D:1)
  4 bats (D:1)
  4 endoplasms (D:1)
  2 hobgoblins (D:1)
  5 jackals (D:1)
  4 kobolds (D:1)
  2 quokkas (D:1)
  5 ball pythons (D:1)
  2 frilled lizards (D:1)
  4 goblins (D:1)
  3 rats (D:1)
36 creatures vanquished.

Vanquished Creatures (others)
  148 foxfires (D:1)
148 creatures vanquished.

Grand Total: 184 creatures vanquished

Notes
Turn   | Place    | Note
-------+----------+-------------------------------------------
     0 | D:1      | Hubjo the Deep Elf Fire Elementalist began the quest for
                  | the Orb.
     0 | D:1      | Reached XP level 1. HP: 10/10 MP: 6/6
   171 | D:1      | Reached XP level 2. HP: 16/16 MP: 2/8
   441 | D:1      | Reached skill level 1 in Fighting
   862 | D:1      | Reached XP level 3. HP: 20/20 MP: 3/9
  1540 | D:1      | Found a faded altar of an unknown god.
  1874 | D:1      | Prayed at the altar of an unknown god.
  1874 | D:1      | Became a worshipper of Fedhas Madash
  1874 | D:1      | Reached * piety under Fedhas
  2041 | D:1      | Slain by a goblin

Illustrated notes

Levels and vault maps discovered:
D:1:      evilmike_arrival_fibonacci_small, layout_basic,
          dreamdust_ecumenical_altar_sealed_demon

Skill      XL: |  1  2 |
---------------+-------+-----
Fighting       | 1 |  1.4
Stealth        | 3 |  3.1
Dodging        | |  2.4
Spellcasting   | |  3.5
Conjurations   | |  1.1
Fire Magic     | |  3.6

Action                   || total
-------------------------++-------
Melee: Short sword       ||     2
 Cast: Foxfire           ||    88
  Use: Scroll            ||     1
       Potion            ||     1
Armor: Robe              ||     9
Dodge: Dodged            ||    23

Table legend: (Time is in decaauts)
 A = Elapsed time spent in this place.
 B = Non-inter-level travel time spent in this place.
 C = Inter-level travel time spent in this place.
 D = Time resting spent in this place.
 E = Time spent auto-exploring this place.
 F = Levels seen in this place.
 G = Mean time per level.
                   A        B        C        D        E       F      G
               +--------+--------+--------+--------+--------+-----+--------+
         Total |   2040 |   2040 |      0 |      0 |   1770 |   1 | 2040.0 |
       Dungeon |   2040 |   2040 |      0 |      0 |   1770 |   1 | 2040.0 |
               +--------+--------+--------+--------+--------+-----+--------+

Top non-repeatable levels by time:
     D:1: 2040 daAuts
